General information
- name: BNet
- type: Ladder team game (AT/RT)
- host: Battle.net
- saver: REAL.SCARy
map: TwistedMeadows
- players: 4
- length: 09:00
- speed: Fast
- version: 1.23 W3XP
- replay type: Public
» download(42 KB)
Players
team 1 (loser)

»
REAL.SCARy (
blue | 44 APM | 396 actions | 09:00)
1 Blademaster
1 Mirror Image
» actions
| Assign group hotkey | 47 | |
| Basic commands | 35 | |
| Build / train | 39 | |
| ESC pressed | 1 | |
| Enter build submenu | 7 | |
| Enter hero's abilities submenu | 1 | |
| Right click | 120 | |
| Select / deselect | 118 | |
| Select group hotkey | 14 | |
| Use ability | 14 | |
396 total
» units
» buildings
| Altar of Storms | 1 | |
| Orc Burrow | 2 | |
| Barracks | 2 | |
| Voodoo Lounge | 1 | |
6 total
» build order
00:03 Altar of Storms
00:10 Orc Burrow
01:37 Barracks
02:19 Barracks
04:24 Orc Burrow
05:52 Voodoo Lounge
schady2k (
yellow | 51 APM | 457 actions | 08:53)
3 Crypt Lord
1 Carrion Beetles
2 Spiked Carapace
» actions
| Assign group hotkey | 25 | |
| Build / train | 17 | |
| Enter build submenu | 12 | |
| Enter hero's abilities submenu | 3 | |
| Remove unit from queue | 1 | |
| Right click | 211 | |
| Select / deselect | 118 | |
| Select group hotkey | 55 | |
| Use ability | 15 | |
457 total
» units
| Acolyte | 2 | |
| Ghoul | 2 | |
| Crypt Fiend | 7 | |
11 total
» buildings
| Graveyard | 1 | |
| Crypt | 1 | |
| Ziggurat | 5 | |
| Altar of Darkness | 1 | |
| Nerubian Tower | 1 | |
| Tomb of Relics | 1 | |
10 total
» build order
00:07 Graveyard
00:18 Crypt
00:41 Ziggurat
01:16 Altar of Darkness
01:33 Nerubian Tower
01:58 Ziggurat
02:34 Tomb of Relics
04:04 Ziggurat
04:09 Ziggurat
06:21 Ziggurat
team 2 (winner)

»
mina (
teal | 93 APM | 840 actions | 09:00)
4 Death Knight
2 Death Coil
1 Unholy Aura
1 Death Pact
» actions
| Assign group hotkey | 18 | |
| Basic commands | 23 | |
| Build / train | 53 | |
| ESC pressed | 1 | |
| Enter build submenu | 8 | |
| Enter hero's abilities submenu | 4 | |
| Right click | 504 | |
| Select / deselect | 131 | |
| Select group hotkey | 58 | |
| Use ability | 40 | |
840 total
» units
| Acolyte | 7 | |
| Ghoul | 7 | |
| Crypt Fiend | 22 | |
36 total
» buildings
| Crypt | 1 | |
| Graveyard | 1 | |
| Ziggurat | 4 | |
| Altar of Darkness | 1 | |
| Tomb of Relics | 1 | |
| Nerubian Tower | 2 | |
| Halls of the Dead | 2 | |
12 total
» build order
00:14 Crypt
00:22 Graveyard
00:41 Ziggurat
01:00 Altar of Darkness
01:38 Tomb of Relics
01:54 Ziggurat
02:35 Nerubian Tower
02:35 Nerubian Tower
04:55 Halls of the Dead
04:55 Halls of the Dead
05:34 Ziggurat
08:15 Ziggurat
» items
HP-DARKMAN (
purple | 87 APM | 782 actions | 09:00)
4 Far Seer
2 Feral Spirit
2 Chain Lighting
1 Naga Sea Witch
1 Frost Arrows
» actions
| Assign group hotkey | 15 | |
| Basic commands | 156 | |
| Build / train | 30 | |
| ESC pressed | 1 | |
| Enter build submenu | 10 | |
| Enter hero's abilities submenu | 5 | |
| Right click | 393 | |
| Select / deselect | 121 | |
| Select group hotkey | 32 | |
| Use ability | 19 | |
782 total
» units
| Peon | 7 | |
| Grunt | 8 | |
| Forest Troll Shadow Priest | 1 | |
16 total
» upgrades
| Berserker Strength | 1 | |
| Witch Doctor Training | 1 | |
| Ensnare | 1 | |
3 total
» buildings
| Altar of Storms | 1 | |
| Orc Burrow | 4 | |
| Barracks | 1 | |
| Voodoo Lounge | 1 | |
| Stronghold | 1 | |
| War Mill | 1 | |
| Spirit Lodge | 1 | |
| Beastiary | 1 | |
| Fortress | 1 | |
12 total
» build order
00:07 Altar of Storms
00:15 Orc Burrow
00:51 Barracks
01:33 Orc Burrow
01:47 Voodoo Lounge
02:15 Orc Burrow
03:20 Stronghold
04:43 War Mill
05:07 Orc Burrow
06:36 Spirit Lodge
07:11 Beastiary
07:14 Fortress
» items
| Healing Salve | 1 | |
| Lesser Clarity Potion | 1 | |
2 total
Chat log
(00:07 / All) REAL.SCARy: finally a good allie
(00:28 / Allies) REAL.SCARy: share plz?
(00:34 / All) mina: good luck
(00:50 / Allies) schady2k: dont trust me
(00:57 / Allies) REAL.SCARy: no its just gud teamwork!
(01:07 / Allies) schady2k: yeah im sorta stressin to
(01:13 / Allies) REAL.SCARy: ys dat
(01:22 / Allies) schady2k: calc test tommrow
(01:27 / Allies) REAL.SCARy: im good check out my record
(02:01 / Allies) REAL.SCARy: ROFL
(02:13 / Allies) schady2k: goona suck
(03:53 / Allies) schady2k: waht happened
(03:54 / Allies) REAL.SCARy: got any gold i cant afford a burrow
(03:59 / Allies) REAL.SCARy: to res hero
(05:38 / Allies) schady2k: wher da shop
(05:55 / Allies) REAL.SCARy: makin 1 for u
(06:39 / All) REAL.SCARy: HEL ME
(07:27 / All) schady2k: what gives
(07:34 / All) schady2k: u blow
(07:45 / All) HP-DARKMAN: was this some kind of joke?
(07:52 / All) schady2k: io think
(08:07 / All) REAL.SCARy: u guys r nooblets
(08:08 / All) schady2k: maybe a tween
(08:22 / All) REAL.SCARy: my allies not even mining gold
(08:23 / All) REAL.SCARy: he suck
(08:43 / All) schady2k: dude if u guys this guy partner just drop